 Dungeon Sprint DCSS version 0.21.1-1-g345015f (webtiles) character file.

6629 Fang the Impaler (level 10, -1/105 HPs)
             Began as a Minotaur Berserker on Apr 30, 2018.
             Was the Champion of Trog.
             Slain by a cyclops (11 damage)
             ... in the Dungeon (Sprint V: "Ziggurat Sprint").
             The game lasted 00:07:53 (1331 turns).

Fang the Impaler (Minotaur Berserker)               Turns: 1331, Time: 00:07:54

Health: -1/105     AC: 24    Str: 31    XL:     10   Next: 72%
Magic:  3/3        EV: 12    Int:  4    God:    Trog [******]
Gold:   0          SH:  0    Dex: 10    Spells: 9/9 levels left

rFire    . . .     SeeInvis .   u - +6 executioner's axe (antimagic)
rCold    . . .     Gourm    .   (shield currently unavailable)
rNeg     . . .     Faith    .   j - +5 shadow dragon scales
rPois    .         Spirit   .   (helmet restricted)
rElec    .         Reflect  .   (no cloak)
rCorr    .         Harm     .   (no gloves)
MR       .....     NoTele   +   a - +2 pair of boots {Stlth+}
Stlth    ++++......             (no amulet)
HPRegen  0.27/turn              G - ring of flight
MPRegen  0.08/turn              F - +6 ring of strength

@: berserk cooldown, slowed, very slow
A: retaliatory headbutt, horns 2
a: Berserk, Trog's Hand, Brothers in Arms, Burn Spellbooks, Renounce Religion,
Evoke Flight


You were in the Dungeon.
You worshipped Trog.
Trog was exalted by your worship.
You were hungry.

You visited 1 branch

Inventory:

Hand Weapons
 l - a +5 demon trident
 u - a +6 antimagic executioner's axe (weapon)
Armour
 a - a +2 pair of boots of stealth (worn)
 j - +5 shadow dragon scales (worn)
Jewellery
 F - a +6 ring of strength (right hand)
 G - a ring of flight (left hand)
Wands
 x - a wand of disintegration (7)
 y - a wand of iceblast (7)
 z - a wand of acid (7)
Scrolls
 i - 4 scrolls of blinking
 m - 7 scrolls of fog
 o - 5 scrolls of identify
 p - 5 scrolls of remove curse
 q - 2 scrolls of fear
 C - 4 scrolls of enchant armour
Potions
 d - 10 potions of curing
 e - 9 potions of heal wounds
 f - 10 potions of haste
 g - 7 potions of magic
 h - 3 potions of berserk rage
 r - 2 potions of brilliance
 s - 2 potions of invisibility
 t - 4 potions of resistance
 v - 5 potions of agility
 w - 5 potions of might
Miscellaneous
 b - a phial of floods
 k - 2 sacks of spiders
 A - a lamp of fire
Comestibles
 c - 6 rations
 B - 6 chunks of flesh


   Skills:
 + Level 15.1 Fighting
 + Level 14.4(17.1) Axes
 + Level 15.7(17.8) Polearms
 + Level 12.1 Armour
 + Level 7.6 Dodging
 + Level 2.9 Stealth


You had 9 spell levels left.
You didn't know any spells.

Dungeon Overview and Level Annotations

Branches:
Dungeon (1/1)

Altars:
Ashenzari
Cheibriados
Dithmenos
Elyvilon
Fedhas
Gozag
Hepliaklqana
Kikubaaqudgha
Makhleb
Nemelex Xobeh
Okawaru
Qazlal
Ru
Sif Muna
Trog
Uskayaw
Vehumet
Wu Jian
Xom
Yredelemnul
Zin
The Shining One
Beogh
Jiyva
Lugonu

Annotations:
D 1 transporter


Innate Abilities, Weirdness & Mutations

You reflexively headbutt those who attack you in melee.
You have a pair of horns on your head.


Message History

You writhe in agony.
* * * LOW HITPOINT WARNING * * *
The cyclops throws a large rock.
The large rock hits you!
* * * LOW HITPOINT WARNING * * *
The cyclops closely misses you. The cyclops barely misses you.
The yaktaur captain completely misses you.
You furiously retaliate!
You headbutt the yaktaur captain. The cyclops barely misses you.
Unknown command.
You feel much better.
The centaur warrior hits you but does no damage.
You writhe in agony.
* * * LOW HITPOINT WARNING * * *
The centaur warrior hits you with a +3 dagger of pain.
* * * LOW HITPOINT WARNING * * *
You writhe in agony.
* * * LOW HITPOINT WARNING * * *
The yaktaur captain hits you but does no damage.
The cyclops hits you!
You die...

▓..).)....▓.......▓
▓.▓.)...▓.▓.......▓
▓....©....▓...©...▓
▓▓▓▓▓▓▓▓▓▓▓▓▓▓▓▓▓▓▓
▓...8©8...▓..8©8..▓
▓...}.)...▓..".)..▓
▓...|?c...▓..)[|..▓
▓....CCC..▓.......▓
▓....C@c..▓..)....▓
▓....c(..(▓..)))..▓
▓.....(..(▓...)...▓
▓....(...(▓.▓...▓.▓
▓...(©(.(.▓...©...▓
▓▓▓▓▓▓▓▓▓▓▓▓▓▓▓▓▓▓▓


You could see a yaktaur captain, a centaur warrior, 4 cyclopes and a centaur.

Vanquished Creatures
  A centaur warrior (D)
  3 dancing weapons (D)
  A spriggan druid (D)
  2 deep elf magi (D)
  A black mamba (D)
  A hippogriff (shapeshifter) (D)
  A spriggan (D)
  3 nagas (D)
  A hell hound (D)
  A porcupine (D)
  A water moccasin (D)
  3 black bears (D)
  2 wolves (D)
  A crimson imp (D)
  A quasit (D)
  An orc priest (D)
  An iron imp (D)
  2 iguanas (D)
  7 orc wizards (D)
  An orc (D)
  A bat zombie (D)
  A jackal (D)
  A ball python (D)
38 creatures vanquished.

Notes
Turn   | Place    | Note
-------+----------+-------------------------------------------
     0 | D        | Found the +6 Majin-Bo {vamp, Archmagi MP+6 Int+6}
     0 | D        | Found the +7 great mace "Firestarter" {inner flame, rF++}
     0 | D        | Fang the Minotaur Berserker began the quest for the Orb.
     0 | D        | Reached XP level 1. HP: 19/19 MP: 0/0
     3 | D        | Found a blossoming altar of Fedhas.
     4 | D        | Found a viscous altar of Jiyva.
     4 | D        | Found a hazy altar of Hepliaklqana.
     4 | D        | Found a transporter.
     4 | D        | Found an opulent altar of Gozag.
     4 | D        | Found an ancient bone altar of Kikubaaqudgha.
     4 | D        | Found a corrupted altar of Lugonu.
    12 | D        | Found a burning altar of Makhleb.
    13 | D        | Found a stormy altar of Qazlal.
    13 | D        | Found a sacrificial altar of Ru.
    13 | D        | Found an iron altar of Okawaru.
    13 | D        | Found a deep blue altar of Sif Muna.
    13 | D        | Found a sparkling altar of Nemelex Xobeh.
    13 | D        | Found a bloodstained altar of Trog.
    77 | D        | Entered arena 2.
    77 | D        | Noticed a hell hound
    77 | D        | Found a transporter.
    84 | D        | Killed a hell hound
    84 | D        | Reached XP level 2. HP: 34/34 MP: 1/1
    84 | D        | Reached XP level 3. HP: 39/39 MP: 2/2
    84 | D        | Reached XP level 4. HP: 47/47 MP: 3/3
    90 | D        | Reached ** piety under Trog
   145 | D        | Entered arena 3.
   145 | D        | Found a transporter.
   148 | D        | Reached *** piety under Trog
   149 | D        | Reached XP level 5. HP: 56/56 MP: 4/4
   167 | D        | Entered arena 4.
   167 | D        | Noticed a porcupine
   167 | D        | Found a transporter.
   171 | D        | Killed a porcupine
   171 | D        | Reached skill level 5 in Polearms
   171 | D        | Reached skill level 5 in Armour
   171 | D        | Reached XP level 6. HP: 66/66 MP: 5/5
   173 | D        | Reached **** piety under Trog
   175 | D        | Reached skill level 10 in Fighting
   175 | D        | Reached skill level 5 in Dodging
   198 | D        | Entered arena 5.
   198 | D        | Found a transporter.
   201 | D        | Reached skill level 10 in Axes
   204 | D        | Reached ***** piety under Trog
   224 | D        | Entered arena 6.
   224 | D        | Found a transporter.
   230 | D        | Received a gift from Trog
   236 | D        | Reached XP level 7. HP: 63/74 MP: 6/6
   256 | D        | Received a gift from Trog
   256 | D        | Reached ****** piety under Trog
   256 | D        | Received a gift from Trog
   306 | D        | Entered arena 7.
   306 | D        | Noticed a black mamba
   307 | D        | Found a transporter.
   319 | D        | Reached skill level 10 in Polearms
   319 | D        | Reached XP level 8. HP: 31/83 MP: 7/7
   320 | D        | Killed a black mamba
   325 | D        | Received a gift from Trog
   330 | D        | Reached XP level 9. HP: 29/92 MP: 8/8
   342 | D        | Received a gift from Trog
   698 | D        | Entered arena 8.
   698 | D        | Noticed a long sword of holy wrath
   698 | D        | Noticed a deep elf mage
   698 | D        | Noticed a deep elf mage
   698 | D        | Noticed a halberd of venom
   698 | D        | Noticed a mace of crushing
   700 | D        | Found a transporter.
   703 | D        | Noticed a wind drake
   703 | D        | a dream sheep changed into a wind drake
   705 | D        | Killed a long sword of holy wrath
   706 | D        | Killed a deep elf mage
   706 | D        | Received a gift from Trog
   707 | D        | Killed a deep elf mage
   707 | D        | a wind drake changed into a hippogriff
   708 | D        | Killed a mace of crushing
   708 | D        | Reached skill level 15 in Polearms
   708 | D        | Reached skill level 10 in Armour
   708 | D        | Reached XP level 10. HP: 91/103 MP: 3/9
   713 | D        | Killed a halberd of venom
   729 | D        | HP: 4/104 [poisoned by a halberd of venom]
   734 | D        | HP: 2/104 [poisoned by a halberd of venom]
   739 | D        | HP: 1/104 [poisoned by a halberd of venom]
   747 | D        | HP: 1/104 [poisoned by a halberd of venom]
  1251 | D        | Entered arena 9.
  1251 | D        | Noticed a spriggan druid
  1252 | D        | Found a transporter.
  1257 | D        | Received a gift from Trog
  1258 | D        | Killed a spriggan druid
  1322 | D        | Entered arena 10.
  1322 | D        | Noticed a centaur warrior
  1322 | D        | Noticed a centaur warrior
  1322 | D        | Noticed a cyclops
  1322 | D        | Noticed a yaktaur captain
  1322 | D        | Noticed a cyclops
  1322 | D        | Noticed a cyclops
  1322 | D        | Noticed a cyclops
  1324 | D        | Found a transporter.
  1330 | D        | Killed a centaur warrior
  1330 | D        | Reached skill level 15 in Fighting
  1330 | D        | HP: 2/105 [cyclops/large rock (13)]
  1331 | D        | Slain by a cyclops

Skill      XL: |  1  2  3  4  5  6  7  8  9 10 |
---------------+-------------------------------+-----
Axes           | 7 8 9 10 11 12 14 | 14.4
Fighting       | 7 8 9 11 12 14 15 | 15.1
Polearms       | 2 3 5 7 10 12 15 | 15.7
Armour         | 4 5 6 7 10 12 | 12.1
Dodging        | 3 4 5 6 7 |  7.6
Stealth        | 2 |  2.9

Action                   |  1- 3 |  4- 6 |  7- 9 | 10-12 || total
-------------------------+-------+-------+-------+-------++-------
Melee: Demon trident     |     6 |    32 |    24 |       ||    62
       Headbutt          |       |     1 |     6 |     2 ||     9
       Executioner's axe |       |       |     7 |    13 ||    20
Invok: Berserk           |     1 |       |     2 |     1 ||     4
       Burn Spellbooks   |       |     1 |     2 |       ||     3
  Use: Potion            |       |       |     1 |     1 ||     2
       Scroll            |       |       |       |     1 ||     1
  Eat: Ration            |       |       |       |     1 ||     1
       Chunk             |       |       |       |     1 ||     1
Armor: Shadow dragon sca |     7 |    18 |    27 |    30 ||    82
Dodge: Dodged            |     1 |    17 |    19 |    28 ||    65
